woodfighter, chaotic female orcish Cavewoman ------- ----- |.....+ |...| |.....| |...| |..*...# |...| |....>|# |...| |.....|# |<...# -.-----# |...|# ######## # -----# # # # ###### ########## ## ### # -|--------- ## # |.........| f%##### |.........| @ ## |......)...##### ----------- ## . ... |.... ------ woodfighter the Cave Teen Experience level: 3 Strength: 18/04 Dexterity: 12 Constitution: 18 Intelligence: 7 Wisdom: 9 Charisma: 6 Health: 0(26) Energy: 7(7) Def: 2 Gold: 382 Moves: 1769 Dungeon seed: 1SXiFXgB1C4YeouV Game ID: woodfighter_1488311833 Your Inventory: Coins $ - 382 gold pieces Weapons a - a +1 club (weapon in hand) b - a +2 sling (alternate weapon; not wielded) Armor q - an uncursed +0 leather armor (being worn) Comestibles d - an uncursed tripe ration g - an uncursed lembas wafer i - an uncursed sprig of wolfsbane z - an uncursed pancake C - 2 uncursed bananas Scrolls h - an uncursed scroll of enchant armor p - an uncursed scroll of light s - a blessed scroll of punishment u - an uncursed scroll of genocide v - an uncursed scroll of stinking cloud A - an uncursed scroll of teleportation B - an uncursed scroll of identify Spellbooks f - an uncursed spellbook of light Potions j - 2 uncursed potions of confusion w - an uncursed potion of see invisible Rings x - an uncursed ring of polymorph control Gems e - 4 uncursed flints (in quiver) Spells and supernatural/magical abilities: Name Level Category Fail Memory W - pray for help -- divine ? -- Your skills at the end: Miscellaneous Skills bare handed combat [Basic] Weapon Skills scimitar [Basic] club [Basic] sling [Basic] Spellcasting Skills Final Attributes: You were piously aligned. You were poison resistant. You had infravision. You were very stealthy. You are dead. Vanquished creatures: a kitten a homunculus a gas spore a hobbit a large kobold a yellow mold 2 green molds 5 jackals a kobold 5 newts 3 sewer rats a lichen a kobold zombie 24 creatures vanquished. Voluntary challenges: You did not adorn yourself with jewelry or accessories. You did not cause conflict. You were not invisible. You did not have reflection. You were not displaced. You were an atheist. You used a wielded weapon 27 times, starting on turn 66. You did not use tools. You did not use plumbed fixtures. You did not drink any magical draughts. You were illiterate. You never genocided any monsters. You never polymorphed an object. You never changed form. You used no wishes. You never split a pudding. You never wrote Elbereth's name. You never violated your personal moral code. Dungeon overview: The Dungeons of Doom: levels 1 to 6 Level 1 some fountains a long staircase Level 2 (vault) a general store, a fountain Level 3 a fountain stairs to The Gnomish Mines Level 4 a fountain Level 5 <- You were here Level 6 The Gnomish Mines: Level 4 stairs to The Dungeons of Doom History has recorded: On T:1 you entered the Dungeons of Doom to retrieve the Amulet of Yendor! On T:247 you reached level 2 of The Dungeons of Doom. On T:303 you reached level 3 of The Dungeons of Doom. On T:763 you advanced to experience level 2. On T:766 you reached level 1 of The Gnomish Mines. On T:877 you reached level 4 of The Dungeons of Doom. On T:1194 you advanced to experience level 3. On T:1273 you reached level 5 of The Dungeons of Doom. On T:1686 you reached level 6 of The Dungeons of Doom. Score breakdown: Gold: 382 ( 38 points) Experience: 3 levels ( 200 points) Exploration: 6 levels ( 150 points) Discoveries: 12 items ( 600 points) Variety of kills: 13 monsters ( 650 points) Major goal: (nothing yet) ( 0 points) Survival: died (score multiplied by 3) Total score: 4914 Latest messages: You kill the jackal! B - a labeled PRATYAVAYAH. You see here a yellow gem. The door opens. You stop exploring. The hobbit wields a dagger! You kill the hobbit! There are a few objects here. You stop exploring. There are a few objects here. C - 2 bananas. You stop exploring. You kill the sewer rat! You see here a sewer rat corpse. The housecat bites! (2x) You hit the housecat! The housecat bites! The sewer rat misses. You hit the housecat! The housecat bites! The sewer rat bites! You kill the sewer rat! The housecat bites! (2x) You kill the sewer rat! The housecat bites! You die... Final status: Goodbye woodfighter the Cavewoman, killed by a housecat... You died in The Dungeons of Doom on dungeon level 5 with 4914 points, and 382 pieces of gold, after 1769 moves. You were level 3 with a maximum of 26 hit points when you died.